 Dungeon Crawl Stone Soup version 0.29.0-4-gdea44cf6ec (webtiles) character file.

Game seed: 6982773448798894159

116 qw the Chopper (level 5, -4/30 HPs)
             Began as a Tengu Warper on Aug 28, 2022.
             Slain by a water moccasin (5 damage)
             ... on level 7 of the Dungeon.
             The game lasted 00:00:16 (3631 turns).

qw the Chopper (Tengu Warper)                       Turns: 3631, Time: 00:00:17

Health: -4/30      AC:  7    Str: 13    XL:     5   Next: 1%
Magic:  9/9        EV: 13    Int: 14    God:
Gold:   167        SH:  0    Dex: 13    Spells: 8/8 levels left

rFire   . . .      SeeInvis .   Y - +0 hand axe (chaos)
rCold   . . .      Faith    .   (no shield)
rNeg    . . .      Spirit   .   h - +0 ring mail
rPois   .          Reflect  .   b - +2 hat
rElec   .          Harm     .   (no cloak)
rCorr   .          Rampage  .   (no gloves)
Will    +....                   (boots unavailable)
Stlth   +.........              (no amulet)
HPRegen 0.10/turn               e - ring of willpower
MPRegen 0.11/turn               (no ring)

@: about to teleport, flying quickly and evasively, quick
A: beak, talons 3, nimble flight
a: no special abilities


You were on level 7 of the Dungeon.
You visited 1 branch of the dungeon, and saw 5 of its levels.

You collected 167 gold pieces.


Innate Abilities, Weirdness & Mutations

You have a beak for a mouth.
You have claws for feet.
Your magical nature lets you fly swiftly and evasively.


   Skills:
 - Level 2.0 Fighting
 + Level 5.5 Axes
 - Level 1.0 Throwing
 - Level 1.1 Armour
 - Level 2.1 Dodging
 - Level 2.0 Spellcasting
 - Level 2.4 Translocations


You had 8 spell levels left.
You didn't know any spells.
Your spell library contained the following spells:

 Spells                   Type           Power      Damage    Failure   Level
 Blink                    Tloc           16%        N/A       28%         2
 Gell's Gravitas          Tloc           8%         N/A       50%         3
 Lesser Beckoning         Tloc           8%         N/A       50%         3
 Teleport Other           Tloc           8%         N/A       50%         3
 Manifold Assault         Tloc           8%         N/A       99%         5

Inventory:

Hand Weapons
 i - a +0 mace
 Y - a +0 hand axe of chaos (weapon)
Armour
 b - a +2 hat (worn)
 h - a +0 ring mail (worn)
Jewellery
 e - a ring of willpower (left hand)
Scrolls
 a - a scroll of identify
 c - 3 scrolls of enchant armour
Potions
 g - a potion of cancellation {unknown}
 m - a potion of degeneration {unknown}

Dungeon Overview and Level Annotations

Branches:
Dungeon (4/15)
 Temple: D:4-7

Altars:

Annotations:
D:2 1 runed translucent door, Crazy Yiuf
D:7 Dowan, Duvessa


Message History

You hit something. Something hits you but does no damage.
You miss something. Your kick misses something. Your peck misses something.
Something hits you but does no damage.
You hit something but do no damage. Your kick misses something.
A sky beast appears from thin air!
Reactivating autopickup.
The sky beast misses you.
3623 ||| READING 2 scrolls of teleportation.
As you read the scroll of teleportation, it crumbles to dust.
You feel strangely unstable.
3624 ||| DRINKING potion of heal wounds.
You feel much better. The sky beast hits you. The sky beast shocks you.
You closely miss the sky beast.
The sky beast is severely wounded.
The sky beast hits you but does no damage.
You barely miss the sky beast. Your kick misses the sky beast.
The sky beast is severely wounded.
You hit the sky beast but do no damage.
The sky beast is poisoned.
You claw the sky beast. Your peck misses the sky beast.
The sky beast is severely wounded.
Your surroundings suddenly seem different.
Duvessa, Dowan and a water moccasin come into view.
Duvessa is wielding a +1 short sword of protection.
Dowan is wielding a +8 dagger of venom.
Found 2 potions of curing.
You are no longer corroded.
Duvessa shouts!
Dowan shouts!
The water moccasin hisses angrily.
Enter note: Duvessa hits you with a +1 short sword of protection!
Dowan says, "Stay away from my face!"
You barely miss Duvessa. You barely miss Dowan.
Duvessa hits you with a +1 short sword of protection.
Dowan points at you and mumbles some strange words.
The puff of frost hits you!
3631 ||| READING scroll of teleportation.
As you read the scroll of teleportation, it crumbles to dust.
You feel strangely unstable. The water moccasin bites you.
You die...

...[.....
........................
........................
........................
#.......................
#.......................
#.......................
#......eS...............
#....e@................
#......................
#......................#
...#..................##
.. ###...............##
. #........###...#
##....!.## #... #.......
....


You could see Duvessa, a water moccasin and Dowan.

Vanquished Creatures
  A jelly (D:7)
  3 adders
  3 worms
  2 dart slugs
  5 endoplasms
  2 giant cockroaches
  A goblin (D:3)
  5 hobgoblins
  A jackal (D:3)
  8 kobolds
  A quokka (D:2)
  2 ball pythons (D:2)
  3 bats
  2 frilled lizards
  7 rats
46 creatures vanquished.

Notes
Turn   | Place    | Note
-------+----------+-------------------------------------------
     0 | D:1      | qw the Tengu Warper began the quest for the Orb.
     0 | D:1      | Reached XP level 1. HP: 12/12 MP: 4/4
     0 | D:1      | 0 ||| qw: Version: 0.1-a-89-g26bdef1
     0 | D:1      | 0 ||| qw: Game counter: 2123
     0 | D:1      | 0 ||| qw: Always use a shield: true
     0 | D:1      | 0 ||| qw: God list: Okawaru
     0 | D:1      | 0 ||| qw: Allow faded altars: false
     0 | D:1      | 0 ||| qw: Do Orc after D:15 true
     0 | D:1      | 0 ||| qw: Do second Lair branch before Depths: true
     0 | D:1      | 0 ||| qw: Lair rune preference: random
     0 | D:1      | 0 ||| qw: Plans: Normal
     0 | D:1      | 0 ||| PLANNING D:1-11
    61 | D:1      | 61 ||| Stepping ~*~*~tactically~*~*~ (stealth).
   144 | D:1      | Reached XP level 2. HP: 8/17 MP: 6/6
   396 | D:1      | Reached skill level 3 in Axes
   437 | D:1      | 437 ||| Stepping ~*~*~tactically~*~*~ (hiding).
   827 | D:1      | 827 ||| UPGRADING to ring of willpower.
   828 | D:1      | 828 ||| READING scroll labelled HOJ OMYMAUNN.
   955 | D:1      | 955 ||| READING scroll labelled NENORA CU AVO.
   956 | D:1      | 956 ||| READING 2 scrolls labelled ILIG JUNLE.
   961 | D:1      | 961 ||| READING scroll labelled SAIPNYXOME.
   962 | D:1      | 962 ||| DRINKING 2 bubbling red potions.
   963 | D:1      | 963 ||| DROPPING scroll of blinking.
  1124 | D:2      | 1124 ||| Stepping ~*~*~tactically~*~*~ (stealth).
  1131 | D:2      | Reached XP level 3. HP: 21/21 MP: 7/7
  1173 | D:2      | Found a faded altar of an unknown god.
  1287 | D:2      | HP: 5/21 [poisoned by an adder]
  1288 | D:2      | Reached skill level 4 in Axes
  1288 | D:2      | 1288 ||| DRINKING potion of curing.
  1288 | D:2      | 1288 ||| (to cure poison)
  2176 | D:2      | Found a runed translucent door.
  2177 | D:2      | Noticed Crazy Yiuf
  2316 | D:2      | 2316 ||| UPGRADING to +0 ring mail.
  2326 | D:2      | 2326 ||| DROPPING +0 leather armour.
  2327 | D:2      | 2327 ||| READING 2 scrolls labelled UTUCHO REMPO.
  2328 | D:2      | 2328 ||| DRINKING 2 inky potions.
  2429 | D:2      | 2429 ||| DRINKING 2 viscous cyan potions.
  2467 | D:2      | 2467 ||| DROPPING potion of ambrosia.
  2468 | D:2      | 2468 ||| DROPPING potion of lignification.
  2753 | D:3      | Reached XP level 4. HP: 26/26 MP: 8/8
  3201 | D:3      | 3201 ||| READING scroll labelled LAID MESEE.
  3202 | D:3      | 3202 ||| READING 2 scrolls labelled FOVAETTOCUHEPP.
  3203 | D:3      | 3203 ||| READING scroll labelled DORUWN DOUREL.
  3204 | D:3      | 3204 ||| DRINKING 2 red potions.
  3205 | D:3      | 3205 ||| READING 2 scrolls of identify.
  3205 | D:3      | 3205 ||| IDENTIFYING clear potion
  3206 | D:3      | 3206 ||| DROPPING potion of brilliance.
  3207 | D:3      | 3207 ||| DROPPING scroll of fear.
  3360 | D:3      | 3360 ||| Stepping ~*~*~tactically~*~*~ (stealth).
  3370 | D:3      | 3370 ||| Stepping ~*~*~tactically~*~*~ (stealth).
  3395 | D:3      | Reached skill level 5 in Axes
  3507 | D:3      | 3507 ||| UPGRADING to +1 hat.
  3512 | D:3      | 3512 ||| READING 4 scrolls of enchant armour.
  3512 | D:3      | 3512 ||| ENCHANTING +1 hat.
  3513 | D:3      | 3513 ||| READING 2 scrolls of identify.
  3513 | D:3      | 3513 ||| IDENTIFYING blue potion
  3514 | D:3      | 3514 ||| DROPPING potion of invisibility.
  3604 | D:4      | You fall into a shaft and drop 3 floors!
  3606 | D:7      | Noticed a sky beast
  3612 | D:7      | Gained mutation: Your magical nature lets you fly swiftly
                  | and evasively. [Tengu growth]
  3612 | D:7      | Reached XP level 5. HP: 25/30 MP: 9/9
  3617 | D:7      | HP: 5/30 [something (5)]
  3623 | D:7      | 3623 ||| READING 2 scrolls of teleportation.
  3624 | D:7      | 3624 ||| DRINKING potion of heal wounds.
  3627 | D:7      | Noticed Duvessa
  3627 | D:7      | Noticed Dowan
  3627 | D:7      | Noticed a water moccasin
  3630 | D:7      | HP: 1/30 [Dowan/puff of frost (9)]
  3631 | D:7      | 3631 ||| READING scroll of teleportation.
  3631 | D:7      | Slain by a water moccasin

Levels and vault maps discovered:
D:1:      wander_arrival_fairy_ring, layout_rooms
D:2:      layout_basic, ebering_ecumenical_altar_webs, uniq_crazy_yiuf_cottage
D:3:      minmay_door_path, layout_loops_cross
D:4:      layout_loops_cross, mainiacjoe_overflow_catwalk,
          nicolae_stop_n_shop_2, grunt_ministairs_10, uniq_robin, uniq_sigmund
D:7:      layout_layer_cave, mainiacjoe_overflow_surrounded_room, uniq_duvessa

Skill      XL: |  1  2  3  4 |
---------------+-------------+-----
Axes           | 3 4 5 |  5.5
Fighting       | |  2.0
Throwing       | |  1.0
Armour         | |  1.1
Dodging        | |  2.1
Spellcasting   | |  2.0
Translocations | |  2.4

Action                   |  1- 3 |  4- 6 || total
-------------------------+-------+-------++-------
Melee: Hand axe          |    81 |    36 ||   117
       Kick              |    21 |    12 ||    33
       Peck              |    15 |     3 ||    18
Throw: Boomerang         |     7 |       ||     7
  Use: Scroll            |     5 |     8 ||    13
       Potion            |     4 |     2 ||     6
Armor: Leather armour    |    20 |       ||    20
       Ring mail         |       |     8 ||     8
Dodge: Dodged            |    34 |     7 ||    41

Table legend:
 A = Non-vault XP
 B = Vault XP
 C = Vault XP percentage of total XP
 D = Non-vault monster count
 E = Vault monster count
 F = Vault count percentage of total count
                 A         B        C        D         E       F
            +---------+---------+-------+---------+---------+-------
      Total |     164 |       3 |   1.8 |      44 |       2 |   4.3
            +---------+---------+-------+---------+---------+-------
        D:1 |      24 |       0 |   0.0 |      14 |       0 |   0.0
        D:2 |      46 |       0 |   0.0 |      15 |       0 |   0.0
        D:3 |      49 |       3 |   5.8 |      14 |       2 |  12.5
        D:7 |      45 |       0 |   0.0 |       1 |       0 |   0.0
            +---------+---------+-------+---------+---------+-------
